 Dungeon Crawl Stone Soup version 0.20.0-10-g0535bb4 (webtiles) character file.

8940 Gorglomux the Martial Artist (level 11, -18/86 HPs)
             Began as an Octopode Transmuter on June 5, 2017.
             Was a High Priest of Cheibriados.
             Hit by a large rock thrown by a cyclops (40 damage)
             ... on level 11 of the Dungeon.
             The game lasted 00:18:56 (12843 turns).

Gorglomux the Martial Artist (Octopode Transmuter) Turns: 12843, Time: 00:18:57

Health: -18/86     AC:  8    Str: 24    XL:     11   Next: 38%
Magic:  13/18      EV: 14    Int: 30    God:    Cheibriados [*****.]
Gold:   149        SH:  0    Dex: 26    Spells: 5/20 levels left

rFire    x . .     SeeInvis .     - Unarmed
rCold    + + +     Gourm    +   (shield currently unavailable)
rNeg     . . .     Faith    .   (helmet currently unavailable)
rPois    +         Spirit   .   Y - amulet of the gourmand
rElec    .         Reflect  .   g - ring of resist corrosion
rCorr    +         Harm     .   (no ring)
MR       .....                  j - +3 ring of strength
Stlth    ++........             U - +3 ring of dexterity
Regen    0.3/turn               (no ring)
MPRegen  0.2/turn               (no ring)
                                (no ring)
                                (no ring)

@: ice-form, very slow
A: almost no armour, stealthy swim, amphibious, 8 rings, (constrict 8)
a: End Transformation, Bend Time, Temporal Distortion, Slouch, Step From Time,
Renounce Religion


You were on level 11 of the Dungeon.
You worshipped Cheibriados.
Cheibriados was extremely pleased with you.
You were very full.
You were a creature of crystalline ice.
You visited 2 branches of the dungeon, and saw 12 of its levels.

You collected 507 gold pieces.
You spent 358 gold pieces at shops.

Inventory:

Missiles
 a - 207 arrows
 Z - 6 throwing nets (quivered)
Magical Staves
 A - an uncursed staff of power
Jewellery
 g - a ring of resist corrosion (left front paw)
 j - a +3 ring of strength (on tentacle)
 U - a +3 ring of dexterity (on tentacle)
 Y - an amulet of the gourmand (around neck)
Wands
 x - a wand of flame (20/48)
 C - a wand of confusion (19/48)
Scrolls
 w - a scroll of silence {unknown}
 y - a scroll of recharging {unknown}
 E - a scroll of immolation
 F - a scroll of noise {unknown}
 G - 2 scrolls of fear
 H - 3 scrolls of amnesia
 I - 6 scrolls of remove curse
 L - a scroll of enchant weapon
 M - a scroll of magic mapping
 P - a scroll of blinking {unknown}
 R - 2 scrolls of identify
 T - a scroll of teleportation
 W - a scroll of enchant armour {unknown}
 X - a scroll of random uselessness {unknown}
Potions
 h - 3 potions of heal wounds
 i - a potion of lignification
 k - a potion of brilliance
 m - 2 potions of haste
 B - a potion of agility
 J - a potion of cancellation
 K - 2 potions of resistance
 O - 4 potions of flight
 Q - 4 potions of curing
 S - 3 potions of mutation
 V - 2 potions of might
Books
 b - a book of Changes

   Spells                             Type                      Level
   a - Beastly Appendage              Transmutation                1
   b - Sticks to Snakes               Transmutation                2
   c - Spider Form                    Transmutation/Poison         3
   d - Ice Form                       Ice/Transmutation            4
   e - Blade Hands                    Transmutation                5
Comestibles
 c - 8 bread rations
 z - 3 meat rations
 D - 3 royal jellies
 N - 3 fruits


   Skills:
 + Level 5.3 Fighting
 + Level 4.6 Dodging
 + Level 10.8 Unarmed Combat
 - Level 5.3 Spellcasting
 - Level 8.8 Transmutations
 - Level 6.8 Ice Magic
 - Level 1.0 Poison Magic


You had 5 spell levels left.
You knew the following spells:

 Your Spells              Type           Power        Failure   Level  Hunger
a - Beastly Appendage     Tmut           ######       1%          1    None
b - Sticks to Snakes      Tmut           ######..     1%          2    None
c - Spider Form           Tmut/Pois      #####.....   2%          3    None
d - Ice Form              Ice/Tmut       ######..     2%          4    ###....
e - Blade Hands           Tmut           ######....   4%          5    #####..


Dungeon Overview and Level Annotations

Branches:
Dungeon (11/15)            Temple (1/1) D:6            Lair (0/6) D:10
    Orc: D:9-12

Altars:
Ashenzari
Cheibriados
Dithmenos
Elyvilon
Fedhas
Gozag
Hepliaklqana
Kikubaaqudgha
Makhleb
Nemelex Xobeh
Okawaru
Qazlal
Ru
Sif Muna
Trog
Uskayaw
Vehumet
Xom
Yredelemnul
Zin
The Shining One

Shops:
D:8 (   D:9 *!   D:10 }

Annotations:
D:3 Natasha


Innate Abilities, Weirdness & Mutations

You cannot wear most types of armour.
You are very stealthy in the water. (Stealth+)
You are amphibious.
You can wear up to eight rings at the same time.
((You can use your tentacles to constrict eight enemies at once.))
((Your skin changes colour to match your surroundings (Stealth+).))
((Your rubbery body absorbs attacks. (AC +1, EV +1)))


Message History

Confirm with . or Enter, or press ? or * to list all spells.
You turn into a creature of crystalline ice.
A cyclops comes into view.
The cyclops shouts!
The gargoyle hurls a stone arrow at your adder.
The stone arrow hits your adder.
Your adder dies!
The cyclops throws a large rock.
The large rock hits you!!
The gargoyle hurls a stone arrow at you.
The stone arrow hits you!
You see here a large rock.
The cyclops throws a large rock.
The large rock closely misses your adder.
The large rock hits you!!!
* * * LOW HITPOINT WARNING * * *
Your water moccasin bites the gargoyle.
Your adder bites the gargoyle but does no damage.
The gargoyle hits your water moccasin with a flail.
The cyclops throws a large rock.
The large rock hits you!!!
You die...

#...... .########........
#........# #........
..C......# #........
.........# #........
.........########........
#.....................###
#....S................#
#....S................#
#...9S..Y.....#########
##...)(####..# #######
#..# ####


You could see a cyclops, a gargoyle, a friendly water moccasin and 2 friendly
adders.

Vanquished Creatures
  A two-headed ogre (D:8)
  The ghost of maniacrov the Cleaver, a novice MiMo of Ashenzari (D:7)
  A deep elf mage (D:7)
  An elephant (D:10)
  A kobold demonologist (D:11)
  Sigmund (D:3)
  A spriggan (D:7)
  A wyvern (D:8)
  6 yaks
  A steam dragon (D:10)
  A hungry ghost (D:9)
  The ghost of Gorglomux the Insei, an amateur OpTm (D:4)
  2 sky beasts
  4 ice beasts
  2 black bears (D:10)
  A phantom (D:6)
  7 ogres
  7 centaurs
  A crocodile (D:10)
  2 big kobolds
  3 gnoll sergeants (D:9)
  3 bullfrogs
  A wyvern skeleton (D:10)
  4 scorpions
  4 howler monkeys
  3 wights (D:9)
  6 crimson imps
  4 jellies
  2 bullfrog zombies
  2 gnoll shamans (D:9)
  2 orc priests
  5 hounds
  4 bullfrog skeletons
  An iguana (D:7)
  13 orc wizards
  Natasha (twice) (D:3)
  7 worker ants
  2 hound skeletons
  Robin (D:3)
  21 gnolls
  7 adders
  3 shadow imps
  An ooze (D:1)
  An adder zombie (D:9)
  An adder skeleton (D:7)
  3 worms
  A dart slug (D:1)
  9 leopard geckos
  37 orcs
  8 bats
  3 giant cockroaches
  20 goblins
  7 hobgoblins
  26 jackals
  5 quokkas
  4 ball pythons
  5 frilled lizards
  A jackal skeleton (D:4)
  14 kobolds
  A leopard gecko skeleton (D:8)
  12 rats
302 creatures vanquished.

Vanquished Creatures (collateral kills)
  A manticore (D:10)
  A yak (D:10)
  An ogre (D:10)
  A crocodile (D:10)
  A gnoll (D:9)
  An orc (D:8)
6 creatures vanquished.

Vanquished Creatures (others)
  A howler monkey (D:5)
  2 hounds (D:5)
  An iguana (D:5)
  A worker ant (D:5)
  2 orcs (D:5)
  A quokka (D:5)
8 creatures vanquished.

Grand Total: 316 creatures vanquished

Notes
Turn   | Place    | Note
-------+----------+-------------------------------------------
     0 | D:1      | Gorglomux the Octopode Transmuter began the quest for the Orb.
     0 | D:1      | Reached XP level 1. HP: 13/13 MP: 3/3
   377 | D:1      | You fall through a shaft!
   589 | D:2      | Reached XP level 2. HP: 9/18 MP: 3/5
   605 | D:2      | Learned a level 2 spell: Sticks to Snakes
  1275 | D:2      | Reached XP level 3. HP: 19/24 MP: 2/6
  1416 | D:2      | Found a sparkling altar of Nemelex Xobeh.
  1557 | D:2      | Found a hazy altar of Hepliaklqana.
  2408 | D:2      | Reached skill level 4 in Unarmed Combat
  2413 | D:2      | Learned a level 3 spell: Spider Form
  3048 | D:2      | Reached XP level 4. HP: 26/30 MP: 4/7
  3156 | D:3      | Found an opulent altar of Gozag.
  3158 | D:3      | Found a sparkling altar of Nemelex Xobeh.
  3282 | D:3      | Found a sparkling altar of Nemelex Xobeh.
  3333 | D:3      | Found an ancient bone altar of Kikubaaqudgha.
  3364 | D:3      | Noticed Sigmund
  3395 | D:3      | Killed Sigmund
  3395 | D:3      | Reached skill level 5 in Unarmed Combat
  3395 | D:3      | Reached XP level 5. HP: 10/37 MP: 5/8
  3395 | D:3      | Reached XP level 6. HP: 12/43 MP: 5/9
  3653 | D:3      | Noticed Robin
  3684 | D:3      | Killed Robin
  3901 | D:3      | Noticed Natasha
  3906 | D:3      | Killed Natasha
  3906 | D:3      | Reached skill level 1 in Poison Magic
  4249 | D:3      | Noticed Natasha
  4257 | D:3      | Killed Natasha
  4341 | D:3      | Noticed Natasha
  4686 | D:4      | Reached XP level 7. HP: 48/48 MP: 8/10
  4704 | D:4      | Reached skill level 3 in Transmutations
  4856 | D:4      | Reached skill level 3 in Spellcasting
  5218 | D:4      | Noticed Gorglomux's ghost (amateur OpTm)
  5228 | D:4      | Killed Gorglomux's ghost
  5228 | D:4      | Reached skill level 6 in Unarmed Combat
  5302 | D:4      | Noticed a moth of wrath
  5305 | D:4      | Found a bloodstained altar of Trog.
  5984 | D:5      | Entered Level 5 of the Dungeon
  5994 | D:5      | Reached XP level 8. HP: 47/54 MP: 7/13
  6257 | D:5      | Learned a level 4 spell: Ice Form
  6355 | D:5      | Found a shattered altar of Ashenzari.
  6390 | D:5      | Reached skill level 1 in Ice Magic
  6455 | D:5      | Found an iron altar of Okawaru.
  6476 | D:5      | Found a shimmering altar of Xom.
  6903 | D:5      | Reached skill level 7 in Unarmed Combat
  7118 | D:6      | Found a staircase to the Ecumenical Temple.
  7128 | D:6      | Reached XP level 9. HP: 49/58 MP: 11/16
  7131 | D:6      | Reached skill level 3 in Ice Magic
  7169 | D:6      | Found a glowing silver altar of Zin.
  7177 | Temple   | Entered the Ecumenical Temple
  7361 | Temple   | Became a worshipper of Cheibriados the Contemplative
  8063 | D:7      | Reached skill level 6 in Transmutations
  8072 | D:7      | Noticed maniacrov's ghost (novice MiMo)
  8096 | D:7      | Killed maniacrov's ghost
  8096 | D:7      | Reached skill level 8 in Unarmed Combat
  8263 | D:7      | Learned a level 5 spell: Blade Hands
  8447 | D:7      | Reached * piety under Cheibriados
  8454 | D:7      | Noticed a deep elf mage
  8457 | D:7      | Killed a deep elf mage
  8457 | D:7      | Reached XP level 10. HP: 61/64 MP: 12/17
  8552 | D:7      | Found a radiant altar of Vehumet.
  8821 | D:8      | Noticed a two-headed ogre
  8830 | D:8      | Killed a two-headed ogre
  8830 | D:8      | Reached skill level 9 in Unarmed Combat
  8830 | D:8      | Reached skill level 6 in Ice Magic
  9526 | D:8      | Found Laikhlin's Antique Weapon Shop.
  9597 | D:7      | Reached ** piety under Cheibriados
 10113 | D:9      | Found Siuck's Distillery.
 10117 | D:9      | Bought a potion of heal wounds for 80 gold pieces
 10117 | D:9      | Bought a potion of degeneration for 16 gold pieces
 10117 | D:9      | Bought a potion of lignification for 48 gold pieces
 10117 | D:9      | Bought a potion of mutation for 128 gold pieces
 10404 | D:9      | Reached *** piety under Cheibriados
 10747 | D:9      | Found a stormy altar of Qazlal.
 10826 | D:9      | Found Xasist Jeka's Assorted Antiques.
 10830 | D:9      | Bought a scroll labeled CEBODWI DEPH for 23 gold pieces
 10830 | D:9      | Bought a glowing black potion for 20 gold pieces
 10830 | D:9      | Bought a glowing black potion for 20 gold pieces
 10830 | D:9      | Bought a scroll labeled IKEROUN YTZA for 23 gold pieces
 10899 | D:9      | Reached skill level 10 in Unarmed Combat
 11208 | D:10     | Entered Level 10 of the Dungeon
 11223 | D:10     | Reached XP level 11. HP: 35/69 MP: 10/18
 11230 | D:10     | Reached **** piety under Cheibriados
 11246 | D:10     | Found a staircase to the Lair.
 11544 | D:10     | Reached skill level 3 in Dodging
 11751 | D:10     | Found a basalt altar of Yredelemnul.
 11755 | D:10     | Found Raopya's Gadget Shoppe.
 11944 | D:10     | Noticed a manticore
 11960 | D:10     | Killed a manticore
 12544 | D:10     | Reached ***** piety under Cheibriados
 12840 | D:11     | Noticed a cyclops
 12843 | D:11     | Hit by a large rock thrown by a cyclops

Skill      XL: |  1  2  3  4  5  6  7  8  9 10 11 |
---------------+----------------------------------+-----
Fighting       | 2 4 5 |  5.3
Unarmed Combat | 4 5 6 7 8 10 | 10.8
Poison Magic   | 1 |  1.0
Transmutations | 3 5 7 8 |  8.8
Spellcasting   | 3 5 |  5.3
Ice Magic      | 2 5 6 |  6.8
Dodging        | 4 |  4.6

Action                   |  1- 3 |  4- 6 |  7- 9 | 10-12 || total
-------------------------+-------+-------+-------+-------++-------
Melee: Unarmed           |   117 |   114 |   267 |   259 ||   757
       Kick              |    15 |     1 |     4 |       ||    20
       Tentacles         |    13 |     9 |    19 |    11 ||    52
       Constrict         |    22 |    19 |    15 |    11 ||    67
       Punch             |     1 |     1 |     3 |     5 ||    10
 Cast: Beastly Appendage |    24 |     7 |     3 |       ||    34
       Sticks to Snakes  |     1 |       |     5 |    20 ||    26
       Spider Form       |     2 |    11 |    35 |     8 ||    56
       Ice Form          |       |       |     2 |    22 ||    24
       Blade Hands       |       |       |     2 |    11 ||    13
 Abil: End Transformatio |       |       |       |     1 ||     1
  Use: Scroll            |       |       |       |    13 ||    13
       Potion            |       |       |       |     4 ||     4
 Stab: Sleeping          |     6 |     3 |     1 |       ||    10
       Distracted        |       |       |     1 |     1 ||     2
  Eat: Chunk             |     7 |     8 |    16 |    28 ||    59
Armor: Skin              |    20 |     8 |    22 |    81 ||   131
Dodge: Dodged            |    83 |    80 |   182 |   215 ||   560
